Map: Turbo Cruise '84 LE

Players

Mez

  • Race: Terran Terran
  • League: Master
  • Spawn Location: 7:00

benjii - Winner!

  • Race: Terran Terran
  • League: Master
  • Spawn Location: 3:00

VOD

Have the link to the VOD?

Description

Time

  • Played on: Aug. 10, 2019, 4:47 p.m.
  • Length: 12:34
Show
View Real Time Build Order
Export as new Build Order

Mez Terran 

Build Orders:  

Get SALT Encoding   

  12  0:00  SCV  
  13  0:13  SCV  
  14  0:18  Supply Depot  
  14  0:28  SCV  
  15  0:40  Barracks  
  15  0:45  Refinery  
  15  0:58  Barracks  
  15  1:09  Refinery  
  15  1:11  SCV  
  16  1:24  SCV  
  17  1:30  Reaper  
  18  1:38  Orbital Command  
  18  1:46  Reaper  
  19  2:02  Reaper  
  19  2:03  Supply Depot  
  20  2:08  SCV  
  21  2:18  Reaper  
  22  2:37  Factory  
  22  2:42  Reaper  
  23  2:48  SCV  
  23  2:51  Reaper  
  25  2:54  Supply Depot  
  22  3:09  SCV  
  22  3:14  Reaper  
  23  3:23  Reaper  
  23  3:24  Starport, Factory Tech Lab  
  24  3:28  SCV  
  25  3:40  SCV  
  26  3:43  Cyclone  
  29  3:52  SCV  
  30  4:00  Command Center  
  30  4:02  Starport Tech Lab  
  30  4:07  SCV  
  31  4:13  Supply Depot  
  31  4:21  SCV  
  32  4:29  Raven  
  34  4:33  SCV  
  35  4:45  SCV  
  36  4:49  Siege Tank  
  29  5:02  SCV  
  27  5:24  Orbital Command  
  27  5:26  SCV  
  28  5:38  SCV  
  29  5:43  Orbital Command  
  29  5:47  Raven  
  29  5:48  Siege Tank  
  34  5:50  SCV  
  35  6:02  SCV  
  36  6:14  Refinery, SCV  
  36  6:16  SCV  
  38  6:23  Siege Tank  
  41  6:27  SCV  
  41  6:28  SCV  
  43  6:37  Barracks Reactor  
  43  6:39  SCV  
  44  6:40  SCV  
  44  6:51  SCV  
  44  6:52  SCV  
  46  6:58  Siege Tank  
  49  7:03  SCV, Command Center  
  49  7:04  SCV  
  51  7:15  SCV  
  51  7:17  SCV  
  51  7:21  Viking x2  
  57  7:26  Barracks Reactor  
  57  7:28  SCV  
  57  7:29  SCV  
  67  7:51  Viking x2  
  59  8:09  Siege Tank  
  59  8:10  SCV x2  
  51  8:21  Viking x2  
  51  8:22  Marine  
  51  8:23  Marine  
  54  8:38  SCV  
  54  8:39  SCV  
  54  8:41  Siege Tank, Orbital Command  
  56  8:42  Refinery  
  56  8:51  Viking  
  56  8:55  Factory  
  58  9:02  SCV x2  
  60  9:05  Factory  
  60  9:12  SCV  
  60  9:14  SCV x2  
  63  9:20  Siege Tank  
  63  9:22  Orbital Command  
  66  9:26  SCV x2  
  68  9:36  Refinery, Command Center  
  68  9:38  SCV x2  
  68  9:39  Refinery  
  68  9:49  SCV  
  68  9:50  SCV  
  68  9:55  Siege Tank  
  68  9:57  Hellion x2, Factory Tech Lab  
  68  9:59  SCV  
  76  10:02  SCV  
  76  10:04  Factory  
  77  10:07  Factory  
  77  10:14  Supply Depot  
  77  10:15  Supply Depot  
  77  10:16  Supply Depot  
  77  10:17  Siege Tank, SCV  
  77  10:18  Supply Depot  
  81  10:25  SCV x2  
  83  10:29  SCV  
  84  10:37  Viking  
  84  10:38  Viking  
  86  10:45  Siege Tank  
  86  10:46  Hellion x2  
  91  10:52  Factory Tech Lab x2  
  91  10:56  Siege Tank  
  94  11:01  Armory  
  94  11:03  Engineering Bay  
  90  11:11  SCV x2  
  90  11:12  SCV x2  
  88  11:35  Siege Tank x3  
  88  11:36  Hellion, Armory  
  88  11:39  SCV x2  
  101  11:44  Orbital Command  
  101  11:53  Viking  
  97  12:06  Hellion x2  
Show
View Real Time Build Order
Export as new Build Order

benjii Terran - Winner!

Build Orders:  

Get SALT Encoding   

  12  0:00  SCV  
  13  0:12  SCV  
  14  0:17  Supply Depot  
  14  0:24  SCV  
  15  0:39  SCV  
  15  0:41  Barracks  
  16  0:45  Refinery  
  16  0:51  SCV  
  17  1:03  SCV  
  18  1:13  Refinery  
  18  1:15  SCV  
  18  1:17  Supply Depot  
  19  1:27  Orbital Command  
  19  1:28  Marine  
  20  1:43  Factory  
  20  1:46  Marine  
  21  1:53  SCV  
  22  2:04  Marine  
  22  2:05  SCV  
  24  2:17  SCV  
  24  2:22  Marine  
  26  2:23  Supply Depot  
  26  2:28  Hellion  
  26  2:29  Armory  
  25  2:39  Marine  
  26  2:53  Factory Tech Lab  
  26  2:56  Starport  
  26  2:57  Marine  
  25  3:01  SCV  
  26  3:24  Thor  
  31  3:34  Medivac  
  33  3:36  SCV  
  34  3:48  SCV, Supply Depot  
  34  3:51  Marine  
  36  4:00  SCV  
  37  4:09  Siege Tank  
  40  4:13  SCV  
  41  4:27  Command Center  
  41  4:37  SCV  
  42  4:42  Siege Tank  
  42  4:44  Engineering Bay  
  45  4:58  Viking  
  47  5:01  Supply Depot  
  47  5:13  Missile Turret  
  47  5:16  Missile Turret, SCV  
  40  5:28  SCV  
  41  5:31  Viking  
  43  5:40  SCV  
  43  5:42  Siege Tank  
  47  5:45  Missile Turret  
  47  5:52  SCV  
  48  6:01  Missile Turret  
  48  6:03  Orbital Command  
  48  6:04  SCV  
  49  6:17  SCV  
  50  6:18  Siege Tank  
  50  6:19  Starport Reactor  
  53  6:26  Refinery  
  53  6:29  SCV  
  54  6:35  SCV  
  54  6:37  Terran Vehicle Weapons Level 1  
  55  6:41  SCV  
  55  6:42  Refinery  
  56  6:47  SCV  
  56  6:53  Factory, SCV  
  58  6:59  Hellion  
  58  7:00  SCV  
  61  7:05  SCV  
  61  7:06  Supply Depot  
  62  7:10  Viking  
  62  7:12  SCV  
  62  7:15  Viking  
  67  7:17  SCV  
  67  7:21  Hellion  
  70  7:27  SCV  
  70  7:29  SCV  
  72  7:40  Viking  
  72  7:41  SCV  
  72  7:43  Hellion  
  77  7:56  Viking  
  75  8:04  Siege Tank  
  74  8:05  SCV  
  74  8:10  Viking  
  69  8:15  Command Center  
  61  8:22  Hellion  
  61  8:26  Viking  
  62  8:36  Siege Tank  
  62  8:40  Viking  
  62  8:41  SCV  
  64  8:43  Hellion, SCV  
  64  8:56  Viking, SCV  
  64  8:57  SCV  
  68  9:04  Terran Vehicle Weapons Level 2, Hellion  
  68  9:05  Supply Depot  
  68  9:07  Refinery  
  68  9:08  Siege Tank, SCV  
  74  9:12  SCV  
  74  9:13  Starport  
  75  9:20  SCV  
  76  9:24  SCV  
  76  9:27  Infernal Pre-Igniter  
  77  9:33  Hellion, SCV, Supply Depot  
  77  9:36  SCV  
  81  9:45  SCV  
  78  9:47  Siege Tank  
  78  9:48  Viking x2  
  81  9:59  Planetary Fortress  
  81  10:06  Hellion  
  83  10:15  SCV  
  83  10:18  Viking  
  83  10:20  Refinery, SCV  
  83  10:21  Supply Depot  
  87  10:25  Siege Tank  
  87  10:26  Liberator  
  87  10:27  Hellion, Factory  
  91  10:29  Starport Reactor  
  91  10:32  SCV  
  92  10:44  SCV  
  92  10:49  Hellion  
  98  10:52  Liberator  
  98  10:55  Viking  
  100  10:57  Siege Tank  
  100  11:03  SCV x2  
  108  11:12  Hellion x2  
  108  11:15  SCV x2  
  110  11:25  Viking  
  112  11:30  Siege Tank  
  112  11:32  Viking x2  
  117  11:39  Supply Depot  
  117  11:42  Supply Depot  
  117  12:00  Viking x2, SCV x2  
  126  12:12  SCV  
Tags
 
Add a new tag
Caveats
  • Supply blocks, unpowered buildings, or Contaminate may cause inaccurate times.
  • Supply counts are checked every 10 seconds.